[Event "Arsen Yeghiazaryan Memorial 2022"]
[Site "Yerevan"]
[Date "2022.07.04"]
[Round "4.2"]
[White "Nazari, Arad"]
[Black "Agasarov, Benik"]
[Result "1/2-1/2"]
[ECO "C42"]
[WhiteElo "2401"]
[BlackElo "2225"]
[Annotator "TA"]
[PlyCount "110"]
[EventDate "2022.06.30"]
[EventType "tourn"]
[EventCountry "ARM"]
[SourceTitle "playchess.com"]
[Source "ChessBase"]
[SourceQuality "1"]
[TimeControl "40/5400+30:1800+30"]

1. e4 e5 2. Nf3 Nf6 3. Nxe5 d6 4. Nc4 Nxe4 5. Qe2 Qe7 6. Ne3 {[%emt 0:00:42] Strongly threatening Nd5.} Nc6 {[%emt 0:01:59] C42: Petroff Defence: 3 Nxe5 and unusual White 3rd moves.} 7. c3 {[%emt 0:11:25] aiming for Nd5.} Nf6 {[%emt 0:02:43] Against Nd5} 8. g3 g6 {[%emt 0:02:05] The position is equal.} 9. Bg2 Bg7 {[%emt 0:00:10] [#]} 10. O-O $146 ({Predecessor:} 10. d4 O-O 11. Nd2 Re8 12. O-O Qd8 13. Qb5 Ne7 14. d5 Nf5 15. Ndc4 a6 16. Qb3 {0-1 (34) Shabalov,A (2529)-Lenderman,A (2637) Chess.com INT 2019}) 10... O-O 11. d4 Qd8 12. b4 Re8 13. Qc2 Ne7 14. Nd2 c6 15. Ndc4 Be6 16. Na5 Qc7 17. Bd2 Nfd5 18. Rac1 Nxe3 19. Bxe3 Bd5 20. Qd2 b6 21. Nb3 Bxg2 22. Kxg2 d5 ({Better is} 22... Nd5 $17) 23. Rce1 $11 Nf5 24. Re2 Qd7 25. Rfe1 $2 {[%emt 0:08:38] [#]} (25. h3 $11) 25... Nh4+ $1 $19 26. gxh4 {[%emt 0:01:19] Threatens to win with f3.} Qg4+ 27. Kf1 {[%emt 0:00:05] [#] Black must now prevent Bf4.} Qf3 28. Kg1 {[%emt 0:00:07] Against Qh1+} Re4 {[%emt 0:03:18] Against Bf4. ( -> ...Rg4+)} 29. Bf4 ({Don't blunder} 29. h3 $2 Rxh4 30. Bf4 Qxh3 $19) 29... Rxf4 $40 {[%emt 0:00:34][%mdl 128] White is in trouble.} 30. Re8+ Rxe8 31. Rxe8+ Bf8 32. h3 Rxh4 33. Re3 Qf5 {[%emt 0:00:49] And now ...Bh6 would win.} 34. Qd3 Qg5+ 35. Kf1 Qh5 36. Kg2 Bd6 {[%emt 0:02:31] Prevents Re5.} 37. Qa6 (37. Nc1 {is a better defense.}) 37... Qg5+ 38. Kf1 Qf5 {[%emt 0:00:05] Against Qc8+} 39. Qd3 Qd7 40. a4 Bf4 41. Rf3 Qe6 42. Na1 Qe4 (42... Kg7 $19 43. Nc2 Bb8) 43. Nc2 $17 Bg5 44. b5 (44. Qe2 $17) 44... Qe6 45. Rg3 Bf4 46. Rf3 Bh6 47. Kg2 Bf8 (47... cxb5 $19 48. axb5 Re4) 48. Re3 (48. Ne3 $15) 48... Qd7 49. bxc6 Qxc6 50. Qb5 Qf6 51. Qxd5 (51. Rf3 $1 $15 Qe6 52. Ne3) 51... Rf4 52. Rf3 {[%emt 0:00:38] [#]} Rxf3 $1 53. Qxf3 Qg5+ 54. Qg3 Qd5+ ({Black should try} 54... Qa5 55. Qc7 Qd5+ 56. Kf1 b5) 55. Qf3 Qg5+ {[%emt 0:00:05] Weighted Error Value: White=0.23 (precise) /Black=0.19 (very precise)} (55... Qb3 $17 56. Ne3 Qxc3) 1/2-1/2

[Event "Arsen Yeghiazaryan Memorial 2022"]
[Site "Yerevan"]
[Date "2022.07.04"]
[Round "4.3"]
[White "Yeritsyan, Hayk"]
[Black "Alaverdyan, Gevorg"]
[Result "1/2-1/2"]
[ECO "E73"]
[WhiteElo "2249"]
[BlackElo "2336"]
[Annotator "TA"]
[PlyCount "153"]
[EventDate "2022.06.30"]
[EventType "tourn"]
[EventCountry "ARM"]
[SourceTitle "playchess.com"]
[Source "ChessBase"]
[SourceQuality "1"]
[TimeControl "40/5400+30:1800+30"]

1. d4 Nf6 2. c4 g6 3. Nc3 Bg7 4. e4 O-O 5. Be2 d6 6. Be3 Na6 {[%emt 0:00:06] E73: King's Indian: Averbakh Variation without 6...c5.} 7. h4 e5 8. h5 exd4 9. Bxd4 {[%emt 0:00:03] [#]} Qe7 $146 ({Predecessor:} 9... Nc5 10. hxg6 hxg6 11. f3 Ne6 12. Be3 c6 13. Qd2 Re8 14. O-O-O d5 15. cxd5 cxd5 {0-1 (44) Khanin,S (2482)-Mustaps,M (2370) Chess.com INT 2020}) 10. f3 Nxh5 11. Nd5 Qg5 12. g4 Ng3 13. f4 Qd8 14. Bxg7 {[%emt 0:12:08] Dancing on a razor blade.} Kxg7 15. Qd4+ f6 16. Rh3 Nxe2 17. Nxe2 {[%emt 0:00:02] Threatens to win with f5.} c6 $2 (17... Bxg4 $17 {and life is bright.} 18. Rh4 h5) 18. Ne3 $16 {[%emt 0:00:45] 0x0.00167028d998dp-1022s more active pieces. Pair of Knights!} Qb6 (18... Qa5+ $14 19. Nc3 Qc5) 19. Qxd6 (19. Qd2 $1 $16) 19... Qb4+ 20. Qxb4 Nxb4 21. Kf2 (21. O-O-O $14) 21... Be6 22. a3 (22. Kf3 $11 {keeps the balance.}) 22... Nd3+ $17 23. Kf3 Rad8 24. b4 (24. Rah1 $15 {deserves consideration.} Bg8 25. b4) 24... Nb2 (24... h5 $1 $17 25. Rg3 h4) 25. Rah1 Bg8 26. f5 g5 {[%emt 0:00:32] Against Nf4} 27. e5 Rd3 (27... fxe5 $17 {Strongly threatening ...Rd3.} 28. Rh5 Rd3) 28. e6 $11 Rfd8 $1 29. Ng3 Nxc4 $1 30. Nh5+ ({Much weaker is} 30. Kf2 Rd2+ 31. Kg1 Nxe3 $15) 30... Kf8 31. Re1 (31. Kf2 $11 {and White has nothing to worry.} Rd2+ 32. Ke1 Nxe3 33. Rxe3) 31... Ne5+ (31... Ke7 $19 32. Kg2 R3d4) 32. Kg2 $17 Ke7 33. Re2 R8d4 34. Rg3 Rxa3 $2 (34... a6 $19 {And now ...h6 would win.} 35. Kf2 h6) 35. Nd5+ $1 $11 {[%emt 0:00:23][%mdl 64] Discovered Attack} Rxd5 $2 (35... cxd5 $11 {and Black is okay.} 36. Rxa3 Rxg4+ 37. Kf2 Rh4) 36. Rxa3 $18 a6 37. Re4 {[%emt 0:01:16][%mdl 1024] White has strong compensation.} Rd2+ 38. Kg3 h6 39. Rae3 {[%emt 0:03:11][%cal Oh5f6] Nxf6! is the strong threat.} Rd5 40. Rc3 Bh7 41. Rc5 $1 Nxg4 42. Rxd5 cxd5 43. Rxg4 ({Better is} 43. Re1 $1 $16 Bxf5 44. Ng7) 43... Bxf5 $11 {[%emt 0:00:05] The position is equal.} 44. Rd4 Be4 45. Rd2 Kxe6 46. Rh2 f5 47. Ng7+ Kf7 48. Nxf5 Bxf5 49. Rxh6 {[%emt 0:00:02][%mdl 4096] Endgame KR-KB} Bg6 50. Rh8 d4 51. Rd8 d3 52. Kf3 Ke7 53. Rd5 Kf6 54. Rd6+ Kf5 55. Rxd3 Bh5+ 56. Ke3 Be8 {[%emt 0:00:48] Inhibits Rd7.} 57. Rd8 Bc6 58. Rf8+ Ke5 59. Rg8 Kf6 60. Kf2 Bd5 61. Re8 Bc6 62. Re1 Bd7 63. Kf3 Be6 64. Re3 Ke7 65. Ke4 Kd6 66. Kd4 g4 67. Re5 Ke7 68. Rh5 Kf6 69. Ke4 g3 {[%emt 0:00:10] ( -> ...g2)} 70. Ke3 Bd7 71. Rh6+ ({Don't go for} 71. Kf3 $2 Bg4+ $1 72. Kxg4 g2 73. Rh6+ Kg7 $19) 71... Kg7 72. Rh5 Kg6 73. Rh8 Kg7 74. Rh5 Kf6 75. Rh6+ ({But not} 75. Kf3 $2 {[#]} Bg4+ $1 76. Kxg4 g2 77. Rh6+ Kg7 $19) 75... Kg7 76. Rh4 g2 77. Ke4 $2 {[%emt 0:00:05][%mdl 40960] Weighted Error Value: White=0.23 (precise) /Black=0.25 (precise) . An unexpected result.} (77. Kf2 $11) 1/2-1/2

[Event "Arsen Yeghiazaryan Memorial 2022"]
[Site "Yerevan"]
[Date "2022.07.04"]
[Round "4.4"]
[White "Hayrapetyan, Hovik"]
[Black "Piliposyan, Robert"]
[Result "1-0"]
[ECO "E21"]
[WhiteElo "2481"]
[BlackElo "2287"]
[Annotator "TA"]
[PlyCount "105"]
[EventDate "2022.06.30"]
[EventType "tourn"]
[EventCountry "ARM"]
[SourceTitle "playchess.com"]
[Source "ChessBase"]
[SourceQuality "1"]
[TimeControl "40/5400+30:1800+30"]

1. d4 Nf6 2. c4 e6 3. Nc3 Bb4 4. Nf3 O-O 5. Bg5 c5 6. Rc1 cxd4 {[%emt 0:02:38] E21: Nimzo-Indian: 4 Nf3.} 7. Nxd4 h6 8. Bh4 d5 {[%emt 0:06:51] The position is equal. 8...d5 is better than 8...Nc6.} 9. cxd5 g5 {[%emt 0:00:25] White must now prevent ...e5.} 10. Bg3 Qxd5 11. e3 Ne4 {[%emt 0:22:44] [#]} (11... Qxa2 $5 12. Qc2 (12. Qd2 Ne4 $17) 12... Bxc3+ 13. bxc3 (13. Qxc3 Ne4 $11) 13... Qxc2 14. Rxc2 Ne4 $11) 12. f3 $146 ({Predecessor:} 12. Bd3 Bxc3+ 13. bxc3 Nd7 14. Bxe4 Qxe4 15. O-O b6 16. Nb5 Nc5 17. Nd6 Qg6 18. Qf3 {1-0 (36) Gelfand,B (2734)-Inarkiev,E (2730) Magas 2016}) 12... Nxg3 (12... Bxc3+ $14 13. bxc3 Nxg3 14. hxg3 Kg7) 13. hxg3 $16 Kg7 14. a3 Bxc3+ 15. Rxc3 Nc6 16. Nxc6 {[%emt 0:10:20] White is more active.} bxc6 17. Qc2 Rb8 18. b4 (18. Rxc6 Qe5 19. Qc3 Qxc3+ 20. bxc3 Rb2 $11) 18... Rb6 (18... a5 $142) 19. Kf2 Qf5 20. Qxf5 ({Don't do} 20. Rxc6 Qxc2+ 21. Rxc2 Ba6 $16) ({White should play} 20. Bd3 $1 $16 Qf6 21. Rxc6 Rxc6 22. Qxc6) 20... exf5 $14 21. Be2 Rd8 22. Rd1 Rxd1 23. Bxd1 $16 {[%emt 0:00:08][%mdl 4096] Endgame KRB-KRB} Bd7 24. Be2 $1 Kf6 25. Rc5 Be6 26. Ke1 Bd5 27. Kd2 Rb7 28. Bc4 Bxc4 29. Rxc4 {[%emt 0:00:09] KR-KR} Rd7+ 30. Kc2 Rd6 31. Rc5 Re6 32. Kd3 Rd6+ 33. Ke2 Ke6 34. Ra5 Rd7 35. f4 (35. Ra4 $16) 35... f6 $14 36. Ra6 Kd5 37. Kd3 $1 h5 38. Ra5+ Ke6+ 39. Ke2 $1 Rg7 {[%emt 0:01:26] [#]} 40. Kf3 (40. fxg5 $1 $16 {[%cal Og5g6] Strongly threatening g6!} fxg5 41. Rc5) 40... Rd7 $11 41. Ke2 Rb7 (41... Rg7 $1 $11 {remains equal.}) 42. Kf1 $16 Rd7 43. Rc5 Rd1+ $1 44. Ke2 Ra1 {[%emt 0:01:24] Loses the game.} (44... Rd6 $16 45. a4 g4) 45. Rxc6+ $18 Kd5 $2 (45... Kf7 46. Rc7+ Kg6) 46. Rxf6 Ra2+ 47. Kf1 gxf4 48. Rxf5+ (48. exf4 $142 Ra1+ 49. Kf2) 48... Ke4 49. Rxf4+ Kxe3 $2 {[%emt 0:00:03] [#]} (49... Ke5 50. Rh4 Rxa3) 50. Kg1 $1 {[%emt 0:00:06] And now Rf7 would win.} ({Not} 50. Rf3+ Ke4 51. Kg1 Ke5 $16) 50... a6 (50... Ra1+ $2 51. Kh2 $18) (50... Rc2 $142 51. Rf5 Ke4) 51. Kh2 Ra1 $2 (51... Ke2 52. Rh4 Rxa3 53. Rxh5 Rb3) 52. Rf5 Ke4 53. Ra5 {[%emt 0:00:22] Weighted Error Value: White=0.25 (precise) /Black=0.33} 1-0

[Event "Arsen Yeghiazaryan Memorial 2022"]
[Site "Yerevan"]
[Date "2022.07.04"]
[Round "4.5"]
[White "Yeremyan, Alen"]
[Black "Atakhan, Abtin"]
[Result "1/2-1/2"]
[ECO "B11"]
[WhiteElo "2233"]
[BlackElo "2344"]
[Annotator "TA"]
[PlyCount "172"]
[EventDate "2022.06.30"]
[EventType "tourn"]
[EventCountry "ARM"]
[SourceTitle "playchess.com"]
[Source "ChessBase"]
[SourceQuality "1"]
[TimeControl "40/5400+30:1800+30"]

1. e4 c6 2. Nc3 d5 3. Qe2 d4 4. Nd1 e5 5. g3 Bd6 6. Bg2 {[%emt 0:00:59] B11: Caro-Kann: Two Knights Variation.} Qc7 7. d3 Ne7 8. Nf3 {[%emt 0:01:13][%cal Bg1f3,Bf3d2,Bd2c4][%mdl 32] [#] Black is slightly better.} c5 $146 ({Predecessor:} 8... Bg4 9. h3 Bh5 10. O-O c5 11. b3 Nd7 12. Nb2 Nc6 13. g4 Bg6 14. Nh4 Nf8 {1-0 (85) Deviatkin,A (2569)-Wallace,J (2398) Groningen 2012}) 9. O-O Ng6 10. Nd2 h5 11. Nc4 h4 12. f4 hxg3 13. hxg3 Nc6 14. f5 Nf8 15. Nxd6+ Qxd6 16. c4 Bd7 17. Bd2 Nh7 18. a3 Nf6 19. Nf2 Ke7 (19... O-O-O $11) 20. b4 $14 b6 21. b5 Na5 22. Rab1 {[%emt 0:03:16] Against Nb3} Rag8 23. g4 $1 Kd8 24. Qf3 (24. g5 $5 Nh5 25. Qf3 $16 (25. Bxa5 Ng3 $17)) 24... g6 ({Black should play} 24... g5 $14) 25. Rfe1 (25. g5 $16) 25... Kc8 26. Kf1 Kc7 (26... Rh2 27. g5 $16) (26... Rh4 $5 ) 27. Ke2 Bc8 28. Rh1 Rxh1 29. Rxh1 {[%emt 0:01:21] And now g5 would win.} Nb3 30. Be1 ({White should try} 30. g5 $16) 30... Bb7 (30... Qe7 $14) 31. Kd1 $2 (31. g5 $18) 31... gxf5 $11 32. gxf5 Nd7 (32... a6 $11 33. a4 Qf8) 33. Kc2 $16 Na5 34. Bd2 Bc8 35. Rh6 Qf8 36. Ng4 Rh8 $2 (36... a6 $14) 37. Qg3 Rxh6 38. Nxh6 (38. Bxh6 Qg8 $16) 38... Nb7 39. Bf3 {[%emt 0:01:43] White is much more active.} Nd6 40. Bh5 Nf6 {[%emt 0:00:00] [#]} (40... Bb7 $16) 41. Qxe5 $1 $18 Nxh5 42. f6 Nxf6 43. Qxf6 {[%emt 0:00:02] Black must now prevent Bf4.} Be6 44. Bf4 {[%emt 0:00:38] Hoping for Nf5.} Kd7 45. Qg5 (45. Bg5 $18 {has better winning chances.}) 45... f6 (45... Qe7 $16) 46. Qg2 $1 {[%emt 0:01:00] Threatens to win with e5.} Ke7 $2 (46... Ke8 $16 47. a4 (47. Qg6+ Kd7 $16) 47... Kd8) 47. a4 $2 (47. e5 $1 fxe5 48. Bg5+ Qf6 49. Bxf6+ Kxf6 50. Qc6) 47... Ne8 (47... Ke8 {might work better.} 48. Ng4 Bxg4) 48. Nf5+ (48. Qh1 $142) 48... Kd7 {[%emt 0:02:35] [#]} (48... Kd8 $142 49. a5 Qf7) 49. Nh4 $2 (49. e5 $1 $18 {Threatening mate with Qc6+.} Bxf5 50. Qb7+ Kd8 51. e6 (51. Qxa7 Qg7 $11) 51... Bxe6 52. Qxa7) 49... Qh8 50. Ng6 Qh3 51. Qxh3 {[%emt 0:01:28] The board is on fire.} Bxh3 $14 {[%emt 0:00:02][%mdl 4096] Endgame KBN-KBN} 52. a5 bxa5 53. Bb8 a6 (53... Nd6 $1 $14) 54. bxa6 $18 {[%emt 0:00:33] Intending a7 and mate.} Kc8 55. Ba7 Nc7 56. Bxc5 Nxa6 57. Bxd4 Bf1 $2 (57... Nb4+ 58. Kc3 Bf1) 58. Nf4 a4 59. Bxf6 Kd7 60. Bd4 {[%emt 0:02:01] aiming for Kd2.} a3 (60... Nc7 $142 61. Bb2 Ne6) 61. e5 ({Weaker is} 61. Kb3 a2 62. Ba1 (62. Kxa2 Nb4+ 63. Kb3 Nxd3 $16) 62... Nc5+ 63. Kc3 (63. Kxa2 Nxd3 64. Ng6 Bg2 $11) 63... Kd6 $18) 61... Nb4+ 62. Kc3 Nc6 {[%emt 0:00:41] [#]} 63. e6+ $1 Kd6 $2 (63... Ke8 64. Bf6 a2) 64. Bf6 a2 65. Kb2 Nb4 66. c5+ Kc6 67. e7 Kd7 {[%emt 0:00:16] [#]} 68. Kb3 $2 (68. Ka1 $1 $18 Nc6 69. Kxa2) 68... a1=Q 69. Bxa1 Nxd3 70. Nxd3 Bxd3 $14 {[%emt 0:00:01] KB-KB} 71. Bf6 $1 {[%emt 0:00:05][%cal Oc5c6] White threatens c6+! and mate.} Be4 72. Kc4 Bc6 73. Kd4 Bf3 74. Kc4 Bc6 75. Kd4 Bf3 $1 76. Ke5 Bc6 77. Bg5 Bf3 78. Kf6 Bh5 79. Bf4 Be8 80. Bd6 Bh5 81. Kg7 Be8 82. Kg8 Bh5 83. Kf8 Bg6 84. e8=B+ ({Better is} 84. Bh2 $16) 84... Bxe8 $11 {[%emt 0:00:07] The position is equal.} 85. c6+ Kxd6 86. Kxe8 Kxc6 {[%emt 0:00:02] Black escapes into a draw.  Weighted Error Value: White=0.45/Black=0.52} 1/2-1/2

[Event "Arsen Yeghiazaryan Memorial 2022"]
[Site "Yerevan"]
[Date "2022.07.05"]
[Round "5.1"]
[White "Piliposyan, Robert"]
[Black "Yeremyan, Alen"]
[Result "1/2-1/2"]
[ECO "D85"]
[WhiteElo "2287"]
[BlackElo "2233"]
[Annotator "TA"]
[PlyCount "100"]
[EventDate "2022.06.30"]
[EventType "tourn"]
[EventCountry "ARM"]
[SourceTitle "playchess.com"]
[Source "ChessBase"]
[SourceQuality "1"]
[TimeControl "40/5400+30:1800+30"]

1. d4 {[%emt 0:00:08] Fischer,J} Nf6 2. c4 g6 3. Nc3 d5 4. cxd5 Nxd5 5. Na4 Bg7 6. e4 Nb6 7. Be3 O-O 8. Nf3 Nxa4 9. Qxa4 c5 {[%emt 0:03:18] D85: Exchange Grünfeld: Unusual White 7th moves and lines with 7 Nf3.} 10. Rd1 Bg4 11. dxc5 Qc7 {[%emt 0:00:57] The position is equal.} 12. Qa3 Nd7 13. Be2 b6 {[%emt 0:03:21] [#]} 14. c6 $146 ({Predecessor:} 14. b4 a5 15. cxb6 axb4 16. Qxa8 Qc3+ 17. Bd2 Rxa8 18. Bxc3 Bxc3+ 19. Nd2 Nxb6 20. Bxg4 {½-½ (56) Keymer,V (2342)-Carow,J (2431) Saarbruecken 2015 CBM 169 Extra [Fischer,J]}) 14... Ne5 15. Rc1 Nxf3+ (15... Nxc6 $142 16. O-O a6) 16. Bxf3 Bxf3 17. gxf3 Qe5 18. Qb3 (18. O-O $16) 18... Rac8 19. Ke2 Rc7 20. Rhd1 (20. Rc2 $1 $16) 20... Qxh2 (20... Qxb2+ $14 21. Rc2 Qe5) 21. Rd7 $16 Be5 22. Rxc7 Bxc7 23. Qa3 Qe5 24. Qxa7 Rd8 25. Ke1 {[%emt 0:03:50] Active counter play!} g5 {[%emt 0:02:12] Prevents f4.} 26. Bxb6 Qxb2 27. Be3 Rd3 28. Qc5 (28. Qxc7 $6 Rxe3+ 29. fxe3 Qxc1+ 30. Ke2 Qc2+ 31. Ke1 Qc1+ 32. Kf2 Qd2+ 33. Kf1 (33. Kg3 Qxe3 34. Kg2 Qe2+ 35. Kg3 Qe3 $11) 33... Qd3+ 34. Kg1 Qxe3+ 35. Kg2 Qe2+ 36. Kg3 Qe1+ 37. Kh3 Qh1+ 38. Kg3 Qe1+ 39. Kh3 Qh1+ 40. Kg3 Qe1+ $11) 28... h6 {[%emt 0:01:52] [#]} 29. Kf1 ({White should try} 29. a4 $1 $16) 29... Qxa2 $11 30. Qb5 ({Of course not} 30. Qxe7 {[#]} Rxe3 $1 31. Qxc7 (31. fxe3 $2 {is the wrong capture.} Bg3 $19) (31. Qe8+ $2 Kg7 $19) 31... Qe2+ 32. Kg1 Rxf3 33. Qd8+ Kh7 $17) 30... Rb3 31. Qc4 Rb2 32. Qxa2 (32. Qd4 {with more complications.} Qa3 33. Rd1 Rc2 34. Qd7) 32... Rxa2 {[%emt 0:00:01][%mdl 4096] Endgame KRB-KRB} 33. Rd1 $132 {[%emt 0:00:00][%mdl 2048] Threatens to win with Rd7. White puts up resistance} Rc2 34. Rd7 Rxc6 {[%emt 0:00:57] aiming for ...Kf8.} 35. Rxe7 Bb6 36. Bxb6 Rxb6 {[%emt 0:00:01] KR-KR} 37. Re5 Kg7 38. Kg2 Kg6 (38... f6 $5 39. Re7+ Kg6 $11) 39. Kg3 h5 40. Rf5 f6 41. Kg2 $1 Re6 {[%emt 0:00:49] And now ...Re5 would win.} 42. Rd5 Re5 {[%emt 0:00:52] White must now prevent ...Rxd5.} 43. Rd8 Ra5 44. Rd6 g4 45. fxg4 hxg4 46. f3 gxf3+ 47. Kxf3 Kg5 48. Re6 f5 49. exf5 Kxf5 50. Rg6 Ra8 $2 {[%emt 0:00:26] Never resign too early!  Weighted Error Value: White=0.27 (precise) /Black=0.14 (very precise)} (50... Ra3+ {mates} 51. Ke2 Kxg6 52. Kf2 Kf6 53. Ke2 Kf5 54. Kd2 Ke4 55. Kc2 Kd4 56. Kd2 Ra2+ 57. Kd1 Ke3 58. Kc1 Kd3 59. Kb1 Rc2 60. Ka1 Kc3 61. Kb1 Kb3 62. Ka1 Rc1#) 1/2-1/2

[Event "Arsen Yeghiazaryan Memorial 2022"]
[Site "Yerevan"]
[Date "2022.07.05"]
[Round "5.2"]
[White "Atakhan, Abtin"]
[Black "Yeritsyan, Hayk"]
[Result "1-0"]
[ECO "A36"]
[WhiteElo "2344"]
[BlackElo "2249"]
[Annotator "TA"]
[PlyCount "123"]
[EventDate "2022.06.30"]
[EventType "tourn"]
[EventCountry "ARM"]
[SourceTitle "playchess.com"]
[Source "ChessBase"]
[SourceQuality "1"]
[TimeControl "40/5400+30:1800+30"]

1. c4 c5 2. Nc3 g6 3. g3 Bg7 4. Bg2 d6 5. d3 Nc6 6. Qd2 {[%emt 0:07:27] A36: Symmetrical English vs ...g6: 4 Bg2 Bg7.} e5 7. b3 Nge7 8. Bb2 {[%emt 0:00:17] The position is equal.} Be6 9. Nd5 Rb8 10. e3 b5 11. Ne2 O-O 12. O-O {[%emt 0:01:41] [#]} Qd7 $146 ({Predecessor:} 12... f5 13. Rad1 Bxd5 14. cxd5 Nb4 15. Nc3 Na6 16. f4 Nc7 17. fxe5 Bxe5 18. d4 cxd4 19. exd4 {1-0 (38) Badelka,O (2427)-Toufighi,H (2439) Chess.com INT 2020}) 13. f4 Bh3 14. Bxh3 {[%emt 0:12:05] White is more active.} Qxh3 15. Nec3 Nxd5 16. Nxd5 Nb4 17. Nxb4 cxb4 18. Rac1 ({Stronger than} 18. Qxb4 exf4 19. Bxg7 fxg3 $17) 18... a5 19. e4 Bh6 20. Qg2 Qxg2+ 21. Kxg2 f5 22. Rce1 exf4 23. gxf4 (23. exf5 {keeps more tension.} Rxf5 24. g4 Rf7 25. h4) 23... bxc4 24. dxc4 fxe4 25. Rxe4 Rf5 26. Re7 Rbf8 27. Rd7 Re8 28. Rf2 {[%emt 0:03:54] Against Re2} Bf8 29. Rb7 h5 30. h4 Bh6 31. Bc1 Bg7 32. Kf3 Re1 33. Be3 d5 34. Rg2 d4 (34... dxc4 $1 $11 35. Rxg6 Rf7 36. Rb8+ Kh7) 35. Bf2 $16 Re6 {[%emt 0:03:18] Threatens to win with ...Bh6.} 36. Rg5 $1 Rxg5 (36... d3 $16 {might work better.}) 37. fxg5 {[%emt 0:00:07][%mdl 4096] Endgame KRB-KRB} ({Don't play} 37. hxg5 $6 d3 $16) 37... d3 {[%emt 0:00:54] Strongly threatening ...Rd6.} 38. c5 {[%emt 0:02:34] Inhibits Rd6.} (38. Rd7 $18) 38... Bd4 $11 {[%emt 0:04:16] ( -> ...d2)} 39. Rd7 ({But not} 39. Bxd4 $2 d2 40. Rb8+ Kf7 41. Rb7+ Ke8 $19) 39... Bxf2 40. Kxf2 {[%emt 0:00:00] KR-KR} Re2+ (40... Rc6 $1 $11) 41. Kf3 $16 {[%emt 0:00:08] aiming for c6.} Rc2 42. Rxd3 Rxc5 43. Ke4 {[%emt 0:00:59] Black must now prevent Rd5.} Rc2 {[%emt 0:03:18] [#]} 44. Ke5 $1 Rf2 45. Ke6 (45. Rd8+ $16 Kg7 46. Rd7+ Kg8 47. Ra7) 45... Kg7 $2 {[%emt 0:04:12][%mdl 8192] White leaves nothing to chance now.} (45... Rxa2 $2 46. Kf6 Rf2+ 47. Kxg6 $18) (45... Rf4 $1 $11 {and Black stays safe.}) 46. Rd7+ $18 Kg8 {[%emt 0:00:01] [#]} 47. Rd5 $1 Kg7 48. Rxa5 Re2+ $2 (48... Rf4 49. Ra7+ Kf8) 49. Re5 Rxa2 50. Re4 Rg2 51. Rxb4 {[%emt 0:01:08] White wants to mate with Rb7+.} Re2+ 52. Kd5 {[%emt 0:00:47] Re4 would kill now.} Rd2+ 53. Rd4 Rb2 54. b4 Kf7 55. Re4 Rd2+ 56. Kc5 Rc2+ 57. Rc4 Rb2 58. b5 Ke7 59. b6 Kd7 60. Rb4 Rc2+ 61. Kd5 {[%emt 0:00:13] Intending b7 and mate.} Kc8 62. Rc4+ {[%emt 0:00:04] Weighted Error Value: White=0.10 (very precise) /Black=0.61} 1-0

[Event "Arsen Yeghiazaryan Memorial 2022"]
[Site "Yerevan"]
[Date "2022.07.05"]
[Round "5.3"]
[White "Alaverdyan, Gevorg"]
[Black "Nazari, Arad"]
[Result "0-1"]
[ECO "B90"]
[WhiteElo "2336"]
[BlackElo "2401"]
[Annotator "TA"]
[PlyCount "120"]
[EventDate "2022.06.30"]
[EventType "tourn"]
[EventCountry "ARM"]
[SourceTitle "playchess.com"]
[Source "ChessBase"]
[SourceQuality "1"]
[TimeControl "40/5400+30:1800+30"]

1. e4 c5 2. Nf3 d6 3. d4 cxd4 4. Nxd4 Nf6 5. Nc3 a6 6. Qd3 {[%emt 0:00:04] B90: Sicilian Najdorf: Unusual White 6th moves, 6 Be3 Ng4 and 6 Be3 e5.} Nbd7 7. Be2 e6 8. Qg3 {[%emt 0:00:23] [#] The position is equal.} Qb6 $146 ({Predecessor:} 8... Qc7 9. O-O b5 10. a3 Bb7 11. Bd3 Rc8 12. f4 Nc5 13. Re1 h5 14. Nf3 d5 15. e5 Nfe4 16. Bxe4 Nxe4 17. Nxe4 dxe4 18. Nd4 g6 {½-½ (18) Aigner,G (1824)-Anliker,P (1855) Bergen 2010}) 9. Nb3 Qc7 10. Be3 b5 {[%emt 0:00:34] Threatening ...b4.} 11. a3 Bb7 12. f3 Rc8 13. O-O-O Be7 14. Rd2 (14. Qxg7 Rg8 15. Qh6 d5 16. exd5 Bxa3 $1 $17 ) 14... O-O 15. Rhd1 Ne5 16. Kb1 Bc6 17. Bd4 {[%emt 0:04:04] [#] White is on the road to losing.} (17. Bh6 $11 {remains equal.} Nh5 18. Qh3) 17... Nc4 $1 $17 18. Bxc4 bxc4 19. Nc1 e5 20. Be3 {[%emt 0:00:27] [#]} Rb8 $1 21. N3a2 (21. Ka1 $17) 21... d5 $19 (21... Qb7 22. b4 $17) 22. exd5 Bxa3 23. Bd4 {[#]} ({Avoid the trap} 23. dxc6 $2 Rxb2+ 24. Ka1 Qb8 $19) 23... Bd6 24. Bc3 (24. Ba7 Qxa7) 24... Bd7 25. Re1 Rfe8 26. Qh4 Rb5 27. f4 Nxd5 28. fxe5 Be7 {[%emt 0:01:00] This bishop pair is nice.} 29. Qg3 Reb8 30. Rxd5 Rxd5 31. Ne2 Be6 {[%emt 0:01:56] Hoping for ...Qb7.} 32. Nd4 (32. Ka1 $142) 32... Rbd8 (32... Qb6 $142 33. Nxe6 fxe6) 33. Qf4 (33. Nxe6 $142 fxe6 34. Qg4) 33... h6 {[%emt 0:03:02] Threatens to win with ...Bg5.} 34. Nc1 Qb6 35. Nxe6 Qxe6 36. Qxc4 {[%emt 0:00:24] [#]} Rxe5 $3 37. Qxe6 Rxe6 38. Rxe6 fxe6 {[%emt 0:00:08][%cal Bf7e6,Be6e5,Be5e4][%mdl 4128] Endgame KRB-KBN} 39. Nd3 Bd6 40. h3 Rf8 41. Bd4 Rf5 42. Kc1 e5 43. Ba7 e4 44. Nf2 Bf4+ 45. Kd1 Rd5+ 46. Ke1 Bg3 47. Ke2 Bxf2 48. Bxf2 {[%emt 0:00:02] KR-KB} Kf7 49. Ke3 Rd1 50. Kxe4 $2 (50. Ke2 Rc1 51. Kd2) 50... Rd2 $1 51. Kf3 Rxc2 52. Bd4 a5 53. g3 a4 54. Ke4 g6 {[%emt 0:00:19][%cal Bg7g6,Bg6g5][%mdl 32] And now ...g5 would win.} 55. Kd5 g5 {[%emt 0:00:26] aiming for ...Rh2.} 56. Be5 Rh2 57. Kc4 Ke6 {[%emt 0:00:06] Black mates.} 58. Bg7 Rxh3 59. Kb4 h5 60. Kxa4 Rxg3 {[%emt 0:00:08] Weighted Error Value: White=0.57/Black=0.16 (very precise)} 0-1